 Dungeon Crawl Stone Soup version 0.30-a0-29-g142975f185 (webtiles) character file.

Game seed: 1242265159204738554

613 zishaf the Sneak (level 7, -3/37 HPs)
             Began as a Vine Stalker Brigand on Aug 26, 2022.
             Slain by Duvessa
             ... wielding a +0 short sword
              (5 damage)
             ... on level 4 of the Dungeon.
             The game lasted 00:06:12 (3041 turns).

zishaf the Sneak (Vine Stalker Brigand)             Turns: 3041, Time: 00:06:12

Health: -3/37      AC: 10    Str: 13    XL:     7   Next: 44%
Magic:  0/8        EV: 10    Int: 11    God:
Gold:   250        SH:  0    Dex: 24    Spells: 6/6 levels left

rFire   . . .      SeeInvis .    a - +3 dagger (venom)
rCold   + . .      Faith    .    (no shield)
rNeg    . . .      Spirit   +    u - +1 ring mail {rC+}
rPois   .          Reflect  .    n - +0 helmet
rElec   .          Harm     .    c - +0 cloak
rCorr   .          Rampage  .    (no gloves)
Will    ++...                    (no boots)
Stlth   +++.......               (no amulet)
HPRegen 0.92/turn                i - ring of willpower
MPRegen 0.11/turn                g - +6 ring of dexterity

@: no status effects
A: fangs 2, regeneration 1, magic shield, antimagic bite, no potion heal 2,
hooves 1, iridescent scales 1, strong-willed 1
a: no special abilities


You were on level 4 of the Dungeon.
You visited 1 branch of the dungeon, and saw 4 of its levels.

You collected 250 gold pieces.

Inventory:

Hand Weapons
 a - a +3 dagger of venom (weapon)
 b - a +3 sling of freezing
 o - a +2 dagger
Missiles
 d - 9 poisoned darts (quivered)
 e - 3 curare-tipped darts
Armour
 c - a +0 cloak (worn)
 n - a +0 helmet (worn)
 u - a +1 ring mail of cold resistance (worn)
Jewellery
 g - a +6 ring of dexterity (right hand)
 i - a ring of willpower (left hand)
 j - a ring of protection from fire
 l - a ring of fire
 p - a ring of flight
Scrolls
 t - a scroll of butterflies
 v - a scroll of immolation
Potions
 f - a potion of curing {unknown}
 h - a potion of flight {unknown}
 m - 2 potions of cancellation
 q - 2 potions of heal wounds {unknown}
 s - a potion of mutation


   Skills:
 + Level 3.9 Fighting
 + Level 3.8 Short Blades
 + Level 3.9 Throwing
 - Level 1.0 Dodging
 - Level 7.0 Stealth


You had 6 spell levels left.
You didn't know any spells.
Your spell library was empty.

Dungeon Overview and Level Annotations

Branches:
Dungeon (4/15)
 Temple: D:4-7

Altars:

Annotations:
D:3 1 runed translucent door, ytrimaz's ghost, amateur OpTm
D:4 Duvessa


Innate Abilities, Weirdness & Mutations

You have extremely sharp teeth.
Your natural rate of healing is unusually fast.
When hurt, damage is shared between your health and your magic reserves.
Your bite disrupts and absorbs the magic of your enemies.
Potions cannot restore your health.
You have large cloven feet.
You are partially covered in iridescent scales. (AC +2)
You are strong-willed. (Will+)


Message History

Training target 7.0 for Stealth reached!
Your Stealth skill increases to level 7!
You closely miss Duvessa. You bite Duvessa. You drain her power.
Duvessa is moderately wounded.
Duvessa hits you but does no damage.
Unknown command.
You hit Duvessa.
Duvessa is poisoned.
You kick Duvessa, but do no damage. You bite Duvessa, but do no damage.
Duvessa is moderately wounded.
Duvessa misses you.
You hit Duvessa.
Duvessa looks as sick as possible!
You bite Duvessa. You drain her power.
Duvessa is heavily wounded.
Duvessa closely misses you.
A giant cockroach comes into view.
You hit Duvessa.
Duvessa looks as sick as possible!
Your kick misses Duvessa. You bite Duvessa. You drain her power.
Duvessa is heavily wounded.
Duvessa hits you with a +0 short sword! x2
You hit Duvessa but do no damage.
Duvessa looks as sick as possible!
You kick Duvessa, but do no damage. You bite Duvessa. You drain her power.
You feel invigorated.
Duvessa is severely wounded.
Duvessa hits you with a +0 short sword!
The giant cockroach waves its antennae.
You hit Duvessa.
Duvessa looks as sick as possible!
You kick Duvessa, but do no damage. Your bite misses Duvessa.
Duvessa is severely wounded.
Duvessa hits you with a +0 short sword!
* * * LOW HITPOINT WARNING * * *
You hit Duvessa but do no damage. Your kick misses Duvessa.
Your bite misses Duvessa.
Duvessa is severely wounded.
Duvessa hits you with a +0 short sword.
* * * LOW HITPOINT WARNING * * *
You hit Duvessa but do no damage.
Duvessa looks as sick as possible!
You kick Duvessa.
Duvessa is almost dead.
Duvessa hits you with a +0 short sword.
You die...

......#
#.....#....####
...<..#
#.....#.)..#
##+##.#
#.....#....#####
..#
##........#....#
###
#.##.......##.#
.. #....#####.#
#...<......#
#.###.######
#.re@.#
#.....####
.....#...#
.###.....#
.....?..
#......$#
#.......#
#.......#


You could see Duvessa (berserk, extremely poisoned) and a quokka.

Vanquished Creatures
  Sigmund (D:2)
  Eustachio (D:4)
  Dowan (D:4)
  4 jellies
  Robin (D:2)
  4 adders
  2 dart slugs (D:1)
  3 orcs (D:4)
  4 bats
  15 endoplasms
  4 giant cockroaches
  18 goblins
  6 hobgoblins
  2 quokkas
  4 ball pythons
  2 frilled lizards
  10 kobolds
  2 rats
84 creatures vanquished.

Vanquished Creatures (others)
  7 toadstools (D:2)
7 creatures vanquished.

Grand Total: 91 creatures vanquished

Notes
Turn   | Place    | Note
-------+----------+-------------------------------------------
     0 | D:1      | zishaf the Vine Stalker Brigand began the quest for the
                  | Orb.
     0 | D:1      | Reached XP level 1. HP: 11/11 MP: 2/2
   309 | D:1      | Reached skill level 1 in Dodging
   309 | D:1      | Reached XP level 2. HP: 15/15 MP: 3/3
   340 | D:1      | Reached skill level 5 in Stealth
   916 | D:1      | Reached XP level 3. HP: 18/18 MP: 4/4
  1032 | D:2      | Noticed Sigmund
  1046 | D:2      | Killed Sigmund
  1047 | D:2      | Reached skill level 6 in Stealth
  1047 | D:2      | Gained mutation: Your natural rate of healing is unusually
                  | fast. [Vine Stalker growth]
  1047 | D:2      | Reached XP level 4. HP: 12/24 MP: 5/5
  1047 | D:2      | Reached XP level 5. HP: 14/28 MP: 6/6
  1214 | D:2      | Noticed Robin
  1245 | D:2      | Reached XP level 6. HP: 32/32 MP: 4/7
  1269 | D:2      | Killed Robin
  1431 | D:2      | Found a faded altar of an unknown god.
  2118 | D:3      | Found a runed translucent door.
  2118 | D:3      | Noticed ytrimaz's ghost (amateur OpTm)
  2705 | D:4      | Noticed Eustachio
  2707 | D:4      | Killed Eustachio
  2708 | D:4      | Reached XP level 7. HP: 37/37 MP: 8/8
  2775 | D:4      | Gained mutation: You have large cloven feet. [potion of
                  | mutation]
  2775 | D:4      | Gained mutation: You are partially covered in iridescent
                  | scales. (AC +2) [potion of mutation]
  2775 | D:4      | Gained mutation: You are strong-willed. (Will+) [potion of
                  | mutation]
  3021 | D:4      | Noticed Dowan
  3023 | D:4      | Noticed Duvessa
  3033 | D:4      | Killed Dowan
  3034 | D:4      | Reached skill level 7 in Stealth
  3040 | D:4      | HP: 1/37 [Duvessa/+0 short sword (4)]
  3041 | D:4      | Slain by Duvessa

Illustrated notes

Levels and vault maps discovered:
D:1:      dpeg_arrival_connections, layout_rooms, minmay_misc_feat_hallway,
          wander_ebering_terrifying_dragon_lair
D:2:      cheibrodos_fertilizer, layout_loops_ring,
          shapermc_ecumenical_altar_petra, uniq_sigmund, uniq_robin
D:3:      layout_basic, hellmonk_ghost_happy_afterlife
D:4:      layout_basic, uniq_duvessa, uniq_eustachio

Skill      XL: |  1  2  3  4  5  6  7 |
---------------+----------------------+-----
Dodging        | 1 |  1.0
Fighting       | 2 3 |  3.9
Short Blades   | 2 3 |  3.8
Stealth        | 5 6 7 |  7.0
Throwing       | 2 3 |  3.9

Action                   |  1- 3 |  4- 6 |  7- 9 || total
-------------------------+-------+-------+-------++-------
Melee: Dagger            |    63 |   104 |    17 ||   184
       Bite              |    14 |    33 |    10 ||    57
       Kick              |       |       |     6 ||     6
 Fire: Sling             |     6 |     3 |    16 ||    25
  Use: Scroll            |       |       |     9 ||     9
       Potion            |       |       |     1 ||     1
 Stab: Sleeping          |     6 |    12 |       ||    18
Armor: Robe              |    15 |    18 |       ||    33
       Ring mail         |       |     3 |     3 ||     6
       Leather armour    |       |     1 |       ||     1
Dodge: Dodged            |    28 |    51 |     7 ||    86

Table legend: (Time is in decaauts)
 A = Elapsed time spent in this place.
 B = Non-inter-level travel time spent in this place.
 C = Inter-level travel time spent in this place.
 D = Time resting spent in this place.
 E = Time spent auto-exploring this place.
 F = Levels seen in this place.
 G = Mean time per level.
                   A        B        C        D        E       F      G
               +--------+--------+--------+--------+--------+-----+--------+
         Total |   3019 |   2879 |    140 |    250 |   2014 |   4 |  754.8 |
       Dungeon |   3019 |   2879 |    140 |    250 |   2014 |   4 |  754.8 |
               +--------+--------+--------+--------+--------+-----+--------+

Top non-repeatable levels by time:
     D:1: 1001 daAuts
     D:3: 870 daAuts
     D:2: 827 daAuts
     D:4: 320 daAuts
